 Dungeon Crawl Stone Soup version 0.31-a0-596-g831eee08f1 (webtiles) character file.

Game seed: 2268445482023854746

930 BubbleThief the Ruffian (level 8, -1/58 HPs)
             Began as an Octopode Shapeshifter on Aug 21, 2023.
             Slain by Dowan
             ... wielding a +3 dagger of venom
              (4 damage)
             ... on level 5 of the Dungeon.
             The game lasted 00:04:00 (3356 turns).

BubbleThief the Ruffian (Octopode Shapeshifter)     Turns: 3356, Time: 00:04:00

Health: -1/58      AC:  1    Str: 17    XL:     8   Next: 11%
Magic:  8/8        EV: 13    Int: 16    God:
Gold:   201        SH:  0    Dex: 12    Spells: 7/7 levels left

rFire   . .          .
                       - Unarmed
rCold   . . .        (no shield)
rNeg    . . .        (helmet currently unavailable)
rPois   +            (no amulet)
rElec   .            g - +6 ring of intelligence
rCorr   .            n - ring of poison resistance
SInv    .            (no ring)
Will    .....        (no ring)
Stlth   ++           (no ring)
HPRegen 0.29/turn    (no ring)
MPRegen 0.11/turn    (no ring)
                     (no ring)

%: no passive effects
@: lethally poisoned (-1 -> -7), beast-form
A: beast (slay +2), almost no armour, amphibious, 8 rings, camouflage 1,
gelatinous body 1, (nimble swimmer 1), tentacles
a: Begin Untransformation


You were on level 5 of the Dungeon.
You were a hulking beast.
You visited 1 branch of the dungeon, and saw 5 of its levels.

You collected 201 gold pieces.

Inventory:

Jewellery
 g - a +6 ring of intelligence (left tentacle)
 n - a ring of poison resistance (right tentacle)
Talismans
 b - a beast talisman (active)
 c - a flux talisman
Scrolls
 h - a scroll of identify
 j - 2 scrolls of fog {unknown}
 o - a scroll of amnesia {unknown}
 p - a scroll of acquirement {unknown}
Potions
 a - 2 potions of lignification
 d - a potion of might {unknown}
 e - 3 potions of cancellation
 f - a potion of curing
 i - a potion of heal wounds {unknown}
 k - 2 potions of berserk rage {unknown}
 l - 5 potions of attraction
 m - a potion of invisibility {unknown}


   Skills:
 + Level 6.3 Fighting
 - Level 2.0 Dodging
 + Level 7.0 Unarmed Combat
 - Level 3.0 Shapeshifting


You had 7 spell levels left.
You didn't know any spells.
Your spell library contained the following spells:

 Spells                   Type           Power      Damage    Failure   Level
 Dazzling Flash           Conj/Hex       0%         N/A       58%         3
 Agony                    Necr           0%         N/A       100%        5
 Silence                  Hex/Air        0%         N/A       100%        5


Dungeon Overview and Level Annotations

Branches:
Dungeon (5/15)
 Temple: D:4-7

Altars:

Shops:
D:2 [

Annotations:
D:5 Dowan


Innate Abilities, Weirdness & Mutations

You are a hulking beast.
Your limbs bulge with bestial killing power. (Slay +2)
You cannot wear most types of armour.
You are amphibious.
You can wear up to eight rings at the same time.
Your skin changes colour to match your surroundings (Stealth+).
Your rubbery body absorbs attacks. (AC +1, EV +1)
((You are camouflaged when in or above water. (Stealth+)))
You have tentacles for arms and can constrict up to eight enemies at once.


Message History

You tentacle-slap Duvessa. You squeeze Duvessa, but do no damage.
Duvessa is moderately wounded.
You constrict Duvessa. Duvessa hits you with a +0 short sword!
* * * LOW HITPOINT WARNING * * *
Unknown command.
Press: ? - help, v - describe, . - travel
Here: Duvessa, wielding a +0 short sword and wearing a +2 leather armour of poison resistance (moderately wounded, constricted by you)
The floor.
Okay, then.
It was a potion of curing.
You feel better.
You constrict Duvessa. Duvessa hits you but does no damage.
You tentacle-slap Duvessa.
Duvessa is heavily wounded.
You constrict Duvessa. Duvessa hits you with a +0 short sword.
You bludgeon Duvessa! You squeeze Duvessa, but do no damage.
Duvessa is severely wounded.
You constrict Duvessa. You tentacle-slap Duvessa. You squeeze Duvessa.
You kill Duvessa!
Dowan screams, "No!
Oh no!"
Dowan seems to find hidden reserves of power!
Dowan hits you with a +3 dagger of venom.
* * * LOW HITPOINT WARNING * * *
You are poisoned.
Your Unarmed Combat skill increases to level 7!
You have reached level 8!
You barely miss Dowan. Your grab misses Dowan. Your squeeze misses Dowan.
You feel very sick.
Dowan breathes, "And she was my only..."
Dowan hits you with a +3 dagger of venom!
* * * LOW HITPOINT WARNING * * *
Unknown command.
You bludgeon Dowan! You grab Dowan.
Dowan is moderately wounded.
You constrict Dowan, but do no damage.
* * * LOW HITPOINT WARNING * * *
You feel sick.
Dowan breathes, "And she was my only..."
Dowan hits you with a +3 dagger of venom.
You die...

..###....#.##. .
........###
.......#.#
###......# # #
########.### # #.
#......#.# # ..
#.####.#.# #
#.#####.####.#.#####
#.eh................
#######.####..###.#.
#.####..###.#.
#.......##....
#######.##..#.
#....... ####.###
..# .###


You could see Dowan (fast).

Vanquished Creatures
  Sigmund (D:4)
  Duvessa (D:5)
  An ice beast (D:5)
  A black bear (D:5)
  A phantom (D:5)
  A scorpion (D:4)
  2 jellies (D:4)
  A gnoll bouda (D:4)
  A hound (D:4)
  A sleepcap (D:5)
  Natasha (D:2)
  5 adders
  3 gnolls (D:4)
  2 worms
  2 dart slugs
  2 orcs
  9 bats
  8 endoplasms
  3 giant cockroaches
  8 goblins
  10 hobgoblins
  8 jackals
  6 kobolds
  4 quokkas
  9 ball pythons
  9 rats
100 creatures vanquished.

Notes
Turn   | Place    | Note
-------+----------+-------------------------------------------
     0 | D:1      | BubbleThief the Octopode Shapeshifter began the quest for
                  | the Orb.
     0 | D:1      | Reached XP level 1. HP: 13/13 MP: 1/1
    28 | D:1      | Found a faded altar of an unknown god.
   229 | D:1      | Reached XP level 2. HP: 18/18 MP: 2/2
   470 | D:1      | Reached XP level 3. HP: 23/24 MP: 3/3
   841 | D:2      | Found Poafin's Antique Armour Emporium.
  1203 | D:2      | Reached skill level 4 in Unarmed Combat
  1203 | D:2      | Reached XP level 4. HP: 19/30 MP: 4/4
  1445 | D:2      | Noticed Natasha
  1453 | D:2      | Killed Natasha
  1701 | D:3      | Reached XP level 5. HP: 36/36 MP: 5/5
  2272 | D:4      | Reached skill level 5 in Unarmed Combat
  2272 | D:4      | Reached XP level 6. HP: 31/43 MP: 6/6
  2507 | D:4      | Noticed Sigmund
  2514 | D:4      | Killed Sigmund
  2515 | D:4      | Reached skill level 5 in Fighting
  2515 | D:4      | Reached XP level 7. HP: 49/50 MP: 7/7
  2771 | D:4      | Reached skill level 6 in Unarmed Combat
  2882 | D:5      | Entered Level 5 of the Dungeon
  3342 | D:5      | Noticed Duvessa
  3343 | D:5      | Noticed Dowan
  3354 | D:5      | Killed Duvessa
  3355 | D:5      | Reached skill level 7 in Unarmed Combat
  3355 | D:5      | Reached XP level 8. HP: 14/58 MP: 8/8
  3356 | D:5      | Slain by Dowan

Illustrated notes

Levels and vault maps discovered:
D:1:      dreamdust_arrival_sigmund_warning, layout_loops_cross,
          ebering_ecumenical_altar_abandoned, roderic_nine_men_s_morris
D:2:      layout_rooms, serial_shops, shop, hangedman_abyss_or_decor_stabs,
          minmay_misc_feat_tower, kennysheep_path_1, uniq_natasha
D:3:      layout_rooms
D:4:      layout_rooms, uniq_sigmund
D:5:      layout_loops_cross, nicolae_overflows_in_rows,
          gammafunk_temple_overflow_forgotten, uniq_duvessa

Skill      XL: |  1  2  3  4  5  6  7 |
---------------+----------------------+-----
Fighting       | 2 3 4 5 6 |  6.3
Unarmed Combat | 4 5 7 |  7.0
Dodging        | |  2.0
Shapeshifting  | |  3.0

Action                     |  1- 3 |  4- 6 |  7- 9 || total
---------------------------+-------+-------+-------++-------
  Melee: Unarmed           |    77 |    83 |    46 ||   206
         Constrict         |    20 |    21 |    11 ||    52
         Tentacles         |    18 |    21 |    14 ||    53
         Punch             |     1 |       |     5 ||     6
    Use: Scroll            |       |     3 |       ||     3
         Potion            |       |       |     1 ||     1
   Stab: Sleeping          |     7 |     9 |     1 ||    17
 Armour: Skin              |    13 |     3 |     2 ||    18
  Dodge: Dodged            |    38 |    33 |    15 ||    86

Table legend: (Time is in decaauts)
 A = Elapsed time spent in this place.
 B = Non-inter-level travel time spent in this place.
 C = Inter-level travel time spent in this place.
 D = Time resting spent in this place.
 E = Time spent auto-exploring this place.
 F = Levels seen in this place.
 G = Mean time per level.
                   A        B        C        D        E       F      G
               +--------+--------+--------+--------+--------+-----+--------+
         Total |   3336 |   3227 |    109 |    149 |   2529 |   5 |  667.2 |
       Dungeon |   3336 |   3227 |    109 |    149 |   2529 |   5 |  667.2 |
               +--------+--------+--------+--------+--------+-----+--------+

Top non-repeatable levels by time:
     D:1: 837 daAuts
     D:4: 815 daAuts
     D:2: 684 daAuts
     D:3: 529 daAuts
     D:5: 469 daAuts
